 Dungeon Sprint DCSS version 0.30-a0-476-g330ca2eb8e (webtiles) character file.

Game seed: 17792652828925256188

163 Darkkill the Ruffian (level 5, -11/58 HPs)
             Began as a Troll Berserker on Dec 21, 2022.
             Was an Elder of Trog.
             Mangled by a fire elemental (14 damage)
             ... summoned by a deep elf pyromancer
             ... in the Dungeon (Sprint III: "The Ten Rune Challenge").
             The game lasted 00:01:12 (608 turns).

Darkkill the Ruffian (Troll Berserker)               Turns: 608, Time: 00:01:13

Health: -11/58     AC:  4    Str: 27    XL:     5   Next: 20%
Magic:  4/4        EV: 11    Int:  3    God:    Trog [****..]
Gold:   27         SH:  0    Dex:  9    Spells: 4/4 levels left

rFire   . . .      SeeInvis .      - Unarmed
rCold   . . .      Faith    .    (no shield)
rNeg    . . .      Spirit   .    a - +0 animal skin
rPois   .          Reflect  .    (helmet restricted)
rElec   .          Harm     .    (no cloak)
rCorr   .          Rampage  .    (gloves unavailable)
Will    .....      NoTele   +    (boots unavailable)
Stlth   +.........               (no amulet)
HPRegen 1.09/turn                (no ring)
MPRegen 0.09/turn                (no ring)

@: on fire, glowing
A: large, unfitting armour, claws 3, regeneration 1, shaggy fur 1, tough skin 1
a: Renounce Religion, Berserk, Trog's Hand, Brothers in Arms


You were in the Dungeon.
You worshipped Trog.
Trog was greatly pleased with you.
You visited 1 branch You collected 27 gold pieces.

Inventory:

Missiles
 h - 3 poisoned darts (quivered)
Armour
 a - a +0 animal skin (worn)
Scrolls
 j - 3 scrolls of identify {@r1}
Potions
 b - a potion of curing {@q1}
 c - 2 potions of heal wounds
 d - a potion of haste
 e - 2 potions of magic
 f - a potion of berserk rage
 l - 2 potions of flight


   Skills:
 + Level 5.6 Fighting
 + Level 5.6 Dodging
 + Level 6.8 Unarmed Combat


You had 4 spell levels left.
You didn't know any spells.
Your spell library was empty.

Dungeon Overview and Level Annotations

Branches:
Dungeon (1/1)

Altars:
Elyvilon
Kikubaaqudgha
Sif Muna
Vehumet
Zin
The Shining One


Innate Abilities, Weirdness & Mutations

You are too large for most types of armour.
You have claws for hands.
Your natural rate of healing is unusually fast.
You are covered in fur. (AC +1)
You have tough skin. (AC +1)


Message History

You scratch the wizard.
The wizard is lightly wounded.
The wizard casts a spell.
The wizard blinks!
The kobold demonologist gestures wildly while chanting.
There is an open door here.
The wizard points at you and mumbles some strange words.
You resist with some effort.
The kobold demonologist gestures wildly while chanting.
The wizard hits you with a +0 dagger.
You barely miss the wizard.
The wizard is lightly wounded.
The wizard hits you with a +0 dagger.
You closely miss the wizard.
The wizard is lightly wounded.
You claw the wizard!
You kill the wizard!
Trog accepts your kill.
Trog appreciates your killing of a magic user.
The ice devil hits you but does no damage.
You have reached level 5!
Blink to where?
Press: ? - help, Q - select action, (/) - cycle Dir - move target
As you read the scroll of blinking, it crumbles to dust.
The kobold demonologist mumbles some strange words.
You closely miss the kobold demonologist.
The kobold demonologist misses you.
The quasit bites you but does no damage.
The quasit claws you but does no damage. x2
The quasit bites you but does no damage.
The quasit claws you but does no damage. x2
You scratch the kobold demonologist but do no damage.
The crimson imp hits you but does no damage.
The kobold demonologist closely misses you.
The quasit bites you but does no damage.
The quasit claws you but does no damage.
The quasit claws you.
You feel clumsy. The quasit closely misses you. The quasit misses you.
The quasit closely misses you.
You mangle the kobold demonologist!!
You kill the kobold demonologist!
Trog accepts your kill.
Trog appreciates your killing of a magic user.
You can now call in reinforcements.
The ice devil disappears in a puff of smoke!
The crimson imp disappears in a puff of smoke!
The quasit disappears in a puff of smoke! x2
You feel your dexterity returning.
You now have 27 gold pieces (gained 2).
Things that are here:
a +0 dagger; a +0 robe
There is an open door here.
There is a fountain of clear blue water here.
Things that are here:
a +0 dagger; a +0 robe; a human corpse
There is a fountain of clear blue water here.
You open the door.
Found three altars.
A deep elf pyromancer comes into view.
It is wielding a +0 long sword of holy wrath.
Found 2 potions of curing.
The deep elf pyromancer shouts!
There is an open door here.
The deep elf pyromancer barely misses you.
You scratch the deep elf pyromancer.
The deep elf pyromancer is lightly wounded.
The deep elf pyromancer hits you with a +0 long sword of holy wrath!
You miss the deep elf pyromancer.
The deep elf pyromancer is lightly wounded.
The deep elf pyromancer closely misses you.
You closely miss the deep elf pyromancer.
Your claw misses the deep elf pyromancer.
The deep elf pyromancer is lightly wounded.
The deep elf pyromancer mumbles some strange words.
You closely miss the deep elf pyromancer.
The deep elf pyromancer is lightly wounded.
The fire elemental misses you.
The deep elf pyromancer hits you but does no damage.
You closely miss the deep elf pyromancer.
The deep elf pyromancer is lightly wounded.
The fire elemental misses you.
You claw the deep elf pyromancer!
The deep elf pyromancer is moderately wounded.
The deep elf pyromancer points at you and mumbles some strange words.
The bolt of fire hits you!! The fire elemental hits you.
The fire elemental burns you!
You scratch the deep elf pyromancer.
The deep elf pyromancer is moderately wounded.
The fire elemental hits you. The fire elemental burns you!
* * * LOW HITPOINT WARNING * * *
The deep elf pyromancer gestures at you while chanting.
The sticky flame hits you!
You are covered in liquid flames!
* * * LOW HITPOINT WARNING * * *
You mangle the deep elf pyromancer!!
The deep elf pyromancer is severely wounded.
You are covered in liquid flames!
* * * LOW HITPOINT WARNING * * *
The fire elemental hits you. The fire elemental burns you!
You die...

▓▓▓▓▓▓▓ ▓▓▓ .'....♣
♣.##### .#....♣ ♣.#___#
##....♣♣ ♣.#!e@#
.#....~♣♣♣♣♣.###E#+###+#
.#...~~♣.....#..E.......
.#..~~~~.♣♣..'.⌠........
'#..~≈≈~~~.♣.#...######+
†#.~~≈~~~....#.).#
.#.~≈~~~.....#...#
.#.~~~.......#'###
##...........#):.#


You could see a deep elf pyromancer and 2 fire elementals.

Vanquished Creatures
  A water elemental (D)
  Jessica (D)
  A wizard (D)
  A kobold demonologist (D)
  A human (D)
  A wolf (D)
  2 endoplasms (D)
  A rat (D)
9 creatures vanquished.

Notes
Turn   | Place    | Note
-------+----------+-------------------------------------------
     0 | D        | Darkkill the Troll Berserker began the quest for the Orb.
     0 | D        | Reached XP level 1. HP: 22/22 MP: 0/0
    16 | D        | Noticed Jessica
    17 | D        | Reached ** piety under Trog
    21 | D        | Killed Jessica
    22 | D        | Reached skill level 4 in Unarmed Combat
    22 | D        | Reached XP level 2. HP: 32/32 MP: 1/1
    22 | D        | Reached XP level 3. HP: 39/39 MP: 2/2
    45 | D        | Reached skill level 5 in Unarmed Combat
   321 | D        | Noticed a water elemental
   327 | D        | Killed a water elemental
   327 | D        | Reached *** piety under Trog
   328 | D        | Reached skill level 5 in Fighting
   328 | D        | Reached skill level 5 in Dodging
   328 | D        | Reached skill level 6 in Unarmed Combat
   328 | D        | Reached XP level 4. HP: 50/50 MP: 3/3
   575 | D        | Found a radiant altar of Vehumet.
   575 | D        | Found a shimmering blue altar of Sif Muna.
   575 | D        | Found an ancient bone altar of Kikubaaqudgha.
   575 | D        | Noticed a wizard
   579 | D        | Noticed an ice devil
   581 | D        | Noticed a sun demon
   583 | D        | Killed a wizard
   584 | D        | Reached XP level 5. HP: 55/57 MP: 4/4
   587 | D        | Reached **** piety under Trog
   598 | D        | Found a glowing silver altar of Zin.
   598 | D        | Found a glowing golden altar of the Shining One.
   598 | D        | Found a white marble altar of Elyvilon.
   599 | D        | Noticed a deep elf pyromancer
   604 | D        | Noticed a fire elemental
   604 | D        | Noticed a fire elemental
   607 | D        | HP: 4/58 [deep elf pyromancer/sticky flame (11)]
   608 | D        | Mangled by a fire elemental

Illustrated notes

Levels and vault maps discovered:
D:        dungeon_sprint_mu [sprint_mu_entry_forest, sprint_mu_temple_rooms,
          sprint_mu_d1_horrors, sprint_mu_d2_genie, sprint_mu_d3_branching,
          sprint_mu_orc_legion, sprint_mu_elf_gauntlet, sprint_mu_hive_nellie,
          sprint_mu_lair_fedhas, sprint_mu_vaults_butterflies,
          sprint_mu_slime_circle, sprint_mu_swamp_cave, sprint_mu_shoals_archi,
          sprint_mu_blade_basic, sprint_mu_crypt_fortress,
          sprint_mu_tomb_spiral, sprint_mu_vestibule_basic,
          sprint_mu_gehenna_hellfire, sprint_mu_dis_giant,
          sprint_mu_tartarus_statrot, sprint_mu_cocytus_islands, sprint_mu_zot1]

Skill      XL: |  1  2  3 |
---------------+----------+-----
Fighting       | 3 5 |  5.6
Dodging        | 3 5 |  5.6
Unarmed Combat | 4 6 |  6.8

Action                   |  1- 3 |  4- 6 || total
-------------------------+-------+-------++-------
Melee: Unarmed           |    20 |    16 ||    36
Invok: Berserk           |     1 |       ||     1
  Use: Scroll            |     2 |     1 ||     3
Armor: Animal skin       |     6 |    13 ||    19
Dodge: Dodged            |     9 |    10 ||    19

Table legend: (Time is in decaauts)
 A = Elapsed time spent in this place.
 B = Non-inter-level travel time spent in this place.
 C = Inter-level travel time spent in this place.
 D = Time resting spent in this place.
 E = Time spent auto-exploring this place.
 F = Levels seen in this place.
 G = Mean time per level.
                   A        B        C        D        E       F      G
               +--------+--------+--------+--------+--------+-----+--------+
         Total |    613 |    608 |      5 |    468 |      0 |   1 |  613.0 |
       Dungeon |    613 |    608 |      5 |    468 |      0 |   1 |  613.0 |
               +--------+--------+--------+--------+--------+-----+--------+

Top non-repeatable levels by time:
       D: 613 daAuts

Table legend:
 A = Kills in this place as a percentage of kills in entire the game.
 B = Kills by you in this place as a percentage of kills by you in the entire game.
 C = Kills by friends in this place as a percentage of kills by friends in the entire game.
 D = Other kills in this place as a percentage of other kills in the entire game.
 E = Experience gained in this place as a percentage of experience gained in the entire game.
 F = Experience gained in this place divided by the number of levels of this place that you have seen.
                   A       B       C       D       E      F
               +-------+-------+-------+-------+-------+----------------------
         Total | 100.0 | 100.0 |   N/A |   N/A | 100.0 | 233.0
       Dungeon | 100.0 | 100.0 |   N/A |   N/A | 100.0 | 233.0
               +-------+-------+-------+-------+-------+----------------------
